 Dungeon Crawl Stone Soup version 0.29.0-15-g675c0067aa (webtiles) character file.

Game seed: 7264815543406651857

112 void236 the Conjurer (level 4, -3/24 HPs)
             Began as a Deep Elf Conjurer on Sept 11, 2022.
             Was a Follower of Qazlal.
             Slain by a killer bee (6 damage)
             ... on level 6 of the Dungeon.
             The game lasted 00:10:08 (2193 turns).

void236 the Conjurer (Deep Elf Conjurer)            Turns: 2193, Time: 00:10:09

Health: -3/24      AC:  2    Str:  4    XL:     4   Next: 64%
Magic:  11/11      EV: 13    Int: 25    God:    Qazlal [*.....]
Gold:   45         SH:  2    Dex: 13    Spells: 4/10 levels left

rFire   . . .      SeeInvis .   h - +0 dagger (holy)
rCold   . . .      Faith    .   c - orb {light}
rNeg    . . .      Spirit   .   a - +0 robe
rPois   .          Reflect  .   (no helmet)
rElec   .          Harm     .   (no cloak)
rCorr   .          Rampage  .   (no gloves)
Will    .....                   (no boots)
Stlth   +.........              (no amulet)
HPRegen 0.08/turn               d - +4 ring of slaying
MPRegen 0.12/turn               (no ring)

@: lethally poisoned (-3 -> -11), glowing
A: no striking features
a: Renounce Religion


You were on level 6 of the Dungeon.
You worshipped Qazlal.
Qazlal was aware of your devotion.
You visited 1 branch of the dungeon, and saw 6 of its levels.

You collected 45 gold pieces.

Inventory:

Hand Weapons
 h - a +0 dagger of holy wrath (weapon)
Armour
 a - a +0 robe (worn)
 c - an orb of light (worn)
Jewellery
 d - a +4 ring of slaying (left hand)
Scrolls
 e - a scroll of enchant weapon {unknown}
 i - a scroll of vulnerability {unknown}
Potions
 b - a potion of magic
 f - a potion of flight {unknown}
 g - a potion of curing {unknown}
 j - a potion of heal wounds {unknown}


   Skills:
 + Level 0.1 Fighting
 + Level 3.1 Dodging
 + Level 2.9 Stealth
 + Level 3.7 Spellcasting
 + Level 5.9 Conjurations


You had 4 spell levels left.
You knew the following spells:

 Your Spells              Type           Power      Damage    Failure   Level
a - Magic Dart            Conj           100%       1d8       1%          1
b - Searing Ray           Conj           68%        2d6       1%          2
c - Dazzling Flash        Conj/Hex       38%        N/A       9%          3

Your spell library contained the following spells:

 Spells                   Type           Power      Damage    Failure   Level
 Fulminant Prism          Conj/Hex       9%         3d7       28%         4
 Iskenderun's Mystic Bla  Conj/Tloc      19%        2d6       28%         4


Dungeon Overview and Level Annotations

Branches:
Dungeon (6/15)
 Temple: D:4-7

Altars:
Qazlal

Annotations:
D:6 Grinder


Message History

You feel sick.
Your Dodging skill increases to level 3!
You have reached level 4!
You feel clever.
You start resting.
You feel sick. x4
You are no longer poisoned.
You start resting.
Magic restored.
You start resting.
A quokka comes into view.
Casting: Searing Ray (safe; 1% risk of failure)
Confirm with . or Enter, or press ? or * to list all spells.
Aiming: Searing Ray (safe; 1% risk of failure)
Press: ? - help, Shift-Dir - straight line, f - quokka
Aim: a quokka (haloed, 80% to hit)
The searing ray hits the quokka but does no damage. (Press . to maintain the ray.)
The searing ray hits the quokka!
You kill the quokka!
Qazlal accepts your kill.
You start resting.
Magic restored.
You start resting.
You start resting.
HP restored.
There is a stone staircase leading down, spattered with blood here.
You climb downwards.
Level annotation: Grinder The killer bee barely misses you. x2; The killer bee stings you.
You block the killer bee's attack. The killer bee closely misses you.
The killer bee misses you. The wight closely misses you.
Grinder blinks!
The killer bee closely misses you. The killer bee barely misses you.
The killer bee stings you! The killer bee stings you.
* * * LOW HITPOINT WARNING * * *
There is a stone staircase leading up here.
The killer bee completely misses you. The killer bee stings you.
* * * LOW HITPOINT WARNING * * *
You are lethally poisoned!
The killer bee poisons you! The killer bee stings you.
You die...

#.. .#.. ###
..... #.. >..
#§#
...#.#######
.####.#5.....z.
......yy.z.!z.#
#.y@y.# #.○.z.#
#.....# #.....#
#$.g.^# #.##.##
#. g# #. .#


You could see Grinder, a gnoll sergeant, 4 killer bees, 4 wights and a gnoll.

Vanquished Creatures
  A killer bee (D:5)
  5 adders
  A ball python (D:2)
  5 bats
  2 endoplasms (D:2)
  A giant cockroach (D:2)
  3 goblins
  3 hobgoblins
  A quokka (D:5)
  A frilled lizard (D:3)
  A kobold (D:1)
24 creatures vanquished.

Notes
Turn   | Place    | Note
-------+----------+-------------------------------------------
     0 | D:1      | void236 the Deep Elf Conjurer began the quest for the Orb.
     0 | D:1      | Reached XP level 1. HP: 10/10 MP: 6/6
   454 | D:1      | Found a faded altar of an unknown god.
   483 | D:1      | Prayed at the altar of an unknown god.
   483 | D:1      | Became a worshipper of Qazlal Stormbringer
   483 | D:1      | Reached * piety under Qazlal
   543 | D:3      | Reached XP level 2. HP: 15/15 MP: 5/8
   581 | D:2      | Reached skill level 5 in Conjurations
   643 | D:2      | Learned a level 2 spell: Searing Ray
   697 | D:2      | Reached XP level 3. HP: 7/19 MP: 4/9
  1734 | D:5      | Entered Level 5 of the Dungeon
  1856 | D:5      | Learned a level 3 spell: Dazzling Flash
  1907 | D:6      | Noticed Grinder
  1907 | D:6      | Noticed a wight
  1907 | D:6      | Noticed a wight
  1907 | D:6      | Noticed a killer bee
  1907 | D:6      | Noticed a killer bee
  1907 | D:6      | Noticed a killer bee
  1907 | D:6      | Noticed a killer bee
  1907 | D:6      | Noticed a killer bee
  1911 | D:5      | Killed a killer bee
  1912 | D:5      | Reached XP level 4. HP: 5/24 MP: 6/11
  2192 | D:6      | Noticed a gnoll sergeant
  2193 | D:6      | Slain by a killer bee

Illustrated notes

Levels and vault maps discovered:
D:1:      giann_forest_graveyard, layout_basic, nicolae_ecumenical_lake_church
D:2:      layout_loops_ring
D:3:      layout_basic, mainiacjoe_overflow_boulevard, serial_shops,
          nicolae_lakefront_shop, nicolae_titane
D:4:      layout_loops_ring, jmf_multi_god_temple2,
          mainiacjoe_overflow_alcove_4, temple_pool_b, minmay_misc_feat_cross
D:5:      layout_loops_ring, pdpol_wu_jian_five_deadly_venoms,
          ebering_ghost_disaster_area
D:6:      layout_basic, uniq_edmund, uniq_grinder

Skill      XL: |  1  2  3 |
---------------+----------+-----
Conjurations   | 5 |  5.9
Dodging        | 3 |  3.1
Fighting       | |  0.1
Stealth        | |  2.9
Spellcasting   | |  3.7

Action                   |  1- 3 |  4- 6 || total
-------------------------+-------+-------++-------
Melee: Unarmed           |     6 |       ||     6
       Dagger            |     1 |       ||     1
 Cast: Magic Dart        |    17 |       ||    17
       Searing Ray       |    15 |     1 ||    16
Armor: Robe              |    14 |       ||    14
Dodge: Dodged            |    48 |     8 ||    56
Block: Orb               |     3 |     1 ||     4
